 Dungeon Crawl Stone Soup version 0.17.1-3-g152610e (webtiles) character file.

540 Zhenya25pyc the Skirmisher (level 7, -1/44 HPs)
             Began as a Gargoyle Fighter on Apr 1, 2016.
             Killed from afar by a raiju (2 damage)
             ... with a living lightning
             ... on level 1 of the Abyss.
             The game lasted 00:15:12 (3775 turns).

Zhenya25pyc the Skirmisher (Gargoyle Fighter)       Turns: 3775, Time: 00:15:16

Health: -1/44      AC: 20    Str: 21    XL:     7   Next: 26%
Magic:  16/16      EV:  4    Int:  9    God:
Gold:   229        SH:  9    Dex:  9    Spells: 0 memorised, 6 levels left

rFire  . . .     SeeInvis .     a - +0 flail
rCold  . . .     Clarity  .     h - +1 plate armour
rNeg   + . .     SustAt   .     c - +0 shield
rPois  ∞         Gourm    .     (no helmet)
rElec  +         Spirit   .     p - +0 cloak (curse)
rCorr  .         Warding  .     n - +0 pair of gloves
rMut   .         Stasis   .     (no boots)
MR     .....                    (no amulet)
Stlth  ..........               (no ring)
                                v - ring of magical power

@: not resistant to hostile enchantments, extremely unstealthy
A: negative energy resistance 1, electricity resistance, unbreathing,
petrification resistance, rot immunity, AC +4
a: no special abilities


You were on level 1 of the Abyss.
You were hungry.

You visited 1 branch of the dungeon, and saw 5 of its levels.
You visited the Abyss 1 time.

You collected 229 gold pieces.

Inventory:

Hand Weapons
 a - a +0 flail (weapon)
Missiles
 t - 5 tomahawks (quivered)
Armour
 c - a +0 shield (worn)
 h - a +1 plate armour (worn)
 n - a +0 pair of gloves (worn)
 p - a cursed +0 cloak (worn)
Jewellery
 v - a ring of magical power (left hand)
Scrolls
 e - a scroll of magic mapping {unknown}
 g - a scroll of random uselessness
 j - 3 scrolls of recharging
 m - 4 scrolls of identify
Potions
 b - a potion of curing {unknown}
 d - 2 potions of might
 i - 2 potions of heal wounds {unknown}
 k - a potion of cancellation {unknown}
 l - a potion of haste {unknown}
 r - a potion of mutation {unknown}
 s - a potion of lignification {unknown}
Books
 z - a book of Burglary

   Spells                             Type                      Level
   a - Swiftness                      Charms/Air                   2
   b - Passwall                       Transmutation/Earth          3
   c - Passage of Golubria            Translocation                4
   d - Lee's Rapid Deconstruction     Earth                        5
   e - Darkness                       Hexes                        6
   f - Invisibility                   Hexes                        6
Miscellaneous
 f - a plain deck of escape
Comestibles
 w - a bread ration
 x - 2 meat rations
 A - a royal jelly


   Skills:
 + Level 5.4 Fighting
 * Level 5.4 Maces & Flails
 + Level 5.2 Armour
 - Level 3.3 Shields


You had 6 spell levels left.
You didn't know any spells.

Dungeon Overview and Level Annotations

Branches:
Dungeon (5/15)
 Temple: D:4-7

Altars:
Qazlal
Sif Muna
Trog


Innate Abilities, Weirdness & Mutations

You are resistant to torment.
Your stone body is resilient (AC +4).
You are immune to poison.
You resist negative energy.
You are resistant to electric shocks.
You can survive without breathing.
You are immune to petrification.
You are immune to rotting.


Message History

The thrashing horror tramples you.
* * * LOW HITPOINT WARNING * * *
You stumble backwards!
The thrashing horror roars!
You block the thrashing horror's attack.
The thrashing horror tramples you but does no damage.
The raiju bursts into living lightning!
The living lightning hits you! You resist.
* * * LOW HITPOINT WARNING * * *
The living lightning hits you! You resist.
* * * LOW HITPOINT WARNING * * *
The raiju blinks!
As you read the scroll of noise, it crumbles to dust.
You hear a loud clanging noise!
You hear a bellow!
You hear a roar!
You hear two shouts!
You hear a hideous shriek!
You hear a bark!
You block the thrashing horror's attack.
The thrashing horror barely misses you.
The raiju bursts into living lightning!
The living lightning hits you! You resist.
You die...

## ## . . #. .
.### #.... . ...#
..#.. .##... #...
#.... #.#.#
##..## .#
.###...h# ##
.####.#X.#.#...#.
..#.#....@?.....#
.#...#...##..##..
.#.....##..#....
##.##..# .#....##
#.#... #. ...#
..####.. .# .#.#
#. # .#..# . . #.
.. # .# ..


You could see a thrashing horror and a raiju.

Vanquished Creatures
  2 ogres (D:4)
  A hound (D:4)
  A centaur skeleton (D:4)
  A giant frog skeleton (D:4)
  An orc priest (D:4)
  2 orc wizards
  A hound skeleton (D:4)
  3 gnolls (D:3)
  3 adders
  An ooze (D:1)
  3 worms
  5 giant geckos
  14 orcs
  A ball python (D:1)
  5 giant cockroaches
  9 goblins
  9 hobgoblins
  A quokka (D:3)
  7 bats
  9 giant newts
  14 jackals
  7 kobolds
  2 quokka skeletons (D:4)
  13 rats
115 creatures vanquished.

Notes
Turn   | Place    | Note
--------------------------------------------------------------
     0 | D:1      | Zhenya25pyc the Gargoyle Fighter began the quest for the Orb.
     0 | D:1      | Reached XP level 1. HP: 14/14 MP: 1/1
    55 | D:1      | Reached XP level 2. HP: 19/19 MP: 2/2
   199 | D:1      | Reached XP level 3. HP: 24/24 MP: 3/3
   815 | D:2      | Reached skill level 4 in Fighting
   887 | D:2      | Reached XP level 4. HP: 26/29 MP: 4/4
  1356 | D:3      | Found a stormy altar of Qazlal.
  1436 | D:3      | Found a bloodstained altar of Trog.
  1577 | D:3      | Reached XP level 5. HP: 29/34 MP: 5/5
  2382 | D:4      | Reached XP level 6. HP: 39/39 MP: 6/6
  2435 | D:4      | Noticed an ogre
  2439 | D:4      | Killed an ogre
  2567 | D:4      | Reached skill level 5 in Fighting
  2594 | D:4      | Found a deep blue altar of Sif Muna.
  2847 | D:4      | Noticed an ogre
  2861 | D:4      | Killed an ogre
  2861 | D:4      | Reached skill level 5 in Maces & Flails
  2861 | D:4      | Reached skill level 5 in Armour
  2861 | D:4      | Reached XP level 7. HP: 42/44 MP: 7/7
  3650 | D:5      | Entered Level 5 of the Dungeon
  3677 | D:5      | Cast into the Abyss (gnoll)
  3757 | Abyss:1  | Noticed a thrashing horror
  3771 | Abyss:1  | Noticed a raiju
  3774 | Abyss:1  | HP: 1/44 [raiju/living lightning (4)]
  3775 | Abyss:1  | Killed from afar by a raiju

Action                   |  1- 3 |  4- 6 |  7- 9 || total
-------------------------+-------+-------+-------++-------
Melee: Flail             |   152 |   257 |    76 ||   485
  Use: Scroll            |       |     8 |     1 ||     9
  Eat: Bread ration      |     1 |     1 |       ||     2
       Chunk             |       |       |     1 ||     1
